 Dungeon Crawl Stone Soup version 0.28-a0-1594-ga885d4b3d6 (webtiles) character file.

Game seed: 3134822894837019232

14 parzival7114810 the Skirmisher (level 2, 27/27 HPs)
             Began as a Hill Orc Fighter on Jan 20, 2022.
             Got out of the dungeon alive.
             The game lasted 00:01:38 (398 turns).

parzival7114810 the Skirmisher (Hill Orc Fighter)    Turns: 398, Time: 00:01:39

Health: 27/27      AC:  8    Str: 18    XL:     2   Next: 41%
Magic:  2/2        EV:  9    Int:  8    God:
Gold:   6          SH:  4    Dex: 10    Spells: 1/1 levels left

rFire   . . .      SeeInvis .   a - +0 war axe
rCold   . . .      Faith    .   c - +0 buckler
rNeg    . . .      Spirit   .   b - +0 scale mail
rPois   .          Reflect  .   (no helmet)
rElec   .          Harm     .   f - +0 cloak
rCorr   .          Rampage  .   (no gloves)
Will    .....                   (no boots)
Stlth   ..........              (no amulet)
HPRegen 0.09/turn               (no ring)
MPRegen 0.08/turn               (no ring)

@: no status effects
A: no striking features
a: no special abilities


You escaped.
You visited 1 branch of the dungeon, and saw 1 of its levels.

You collected 6 gold pieces.

Inventory:

Hand Weapons
 a - a +0 war axe (weapon)
Armour
 b - a +0 scale mail (worn)
 c - a +0 buckler (worn)
 e - a +0 ring mail
 f - a +0 cloak (worn)
Potions
 d - a potion of might


   Skills:
 + Level 3.8 Fighting
 + Level 3.1 Axes
 + Level 3.4 Armour
 + Level 0.5 Dodging
 + Level 3.4 Shields


You had one spell level left.
You didn't know any spells.
Your spell library was empty.

Dungeon Overview and Level Annotations

Branches:
Dungeon (1/15)

Altars:

Shops:
D:1 =


Message History

A ball python comes into view.
The ball python hisses angrily.
You hear a shout!
A ball python is nearby!
You block the ball python's attack. The ball python closely misses you.
The ball python bites you but does no damage.
You block the ball python's attack.
You closely miss the ball python. The ball python barely misses you. x2
You slash the ball python!
You kill the ball python!
You see here a ball python corpse.
A bat comes into view.
A bat is nearby!
A bat is nearby!
You miss the bat. The bat completely misses you.
The bat hits you but does no damage. The bat closely misses you.
You miss the bat. The bat hits you but does no damage. x2
A goblin comes into view. It is wielding a +0 dagger.
The goblin shouts!
The bat hits you but does no damage. The bat hits you but does no damage.
The bat barely misses you.
You closely miss the bat. The bat closely misses you.
You hit the bat.
You kill the bat!
You see here a bat corpse.
You barely miss the goblin. The goblin hits you with a +0 dagger.
You slash the goblin!
You kill the goblin!
A quokka comes into view.
You see here a +0 dagger.
You hit the quokka.
The quokka is severely wounded.
The quokka bites you but does no damage.
You hit the quokka.
You kill the quokka!
Found 8 gold pieces.
There is a staircase leading out of the dungeon here.
You can't go down here!
Are you sure you want to leave the Dungeon?
This will make you lose the game!
You have escaped!

.......................##...#
......#####.....#####.#####.#
......#...#.....#...#.## #.#
#.....#.8.#.....#.8.#..##
#.##
###...#...#.....#...#...#
#... #...#####.....#####.#.#
#### #...................#.#
.................[#.#####
.........@..........#...##
.........................#
$.........................
..#####.....#####.........
..#...#.....#...#.........
..#.8.#.....#.8.#........#
..#...#.....#...#...#.....
..#####.....##############
............######


There were no monsters in sight!

Vanquished Creatures
  2 endoplasms (D:1)
  A goblin (D:1)
  A hobgoblin (D:1)
  A quokka (D:1)
  3 ball pythons (D:1)
  3 bats (D:1)
  A frilled lizard (D:1)
  A rat (D:1)
13 creatures vanquished.

Notes
Turn   | Place    | Note
-------+----------+-------------------------------------------
     0 | D:1      | parzival7114810 the Hill Orc Fighter began the quest for
                  | the Orb.
     0 | D:1      | Reached XP level 1. HP: 19/19 MP: 1/1
   157 | D:1      | Reached XP level 2. HP: 27/27 MP: 2/2
   230 | D:1      | Found Koent's Jewellery Shop.
   398 | D:$      | Got out of the dungeon alive.

Illustrated notes

Levels and vault maps discovered:
D:1:      minmay_arrival_glassed_features, layout_rooms, serial_shops,
          nicolae_shop_stone, hangedman_decor_peaks_small

Skill      XL: |  1 |
---------------+----+-----
Axes           | 3 |  3.1
Fighting       | |  3.8
Armour         | |  3.4
Dodging        | |  0.5
Shields        | |  3.4

Action                   || total
-------------------------++-------
Melee: War axe           ||    24
  Use: Scroll            ||     1
Armor: Scale mail        ||    19
Dodge: Dodged            ||    17
Block: Buckler           ||     9

Table legend: (Time is in decaauts)
 A = Elapsed time spent in this place.
 B = Non-inter-level travel time spent in this place.
 C = Inter-level travel time spent in this place.
 D = Time resting spent in this place.
 E = Time spent auto-exploring this place.
 F = Levels seen in this place.
 G = Mean time per level.
                   A        B        C        D        E       F      G
               +--------+--------+--------+--------+--------+-----+--------+
         Total |    407 |    407 |      0 |      0 |    250 |   1 |  407.0 |
       Dungeon |    407 |    407 |      0 |      0 |    250 |   1 |  407.0 |
               +--------+--------+--------+--------+--------+-----+--------+

Top non-repeatable levels by time:
     D:1: 407 daAuts
